 Dungeon Crawl Stone Soup version 0.32-a0-411-g744942f433 (webtiles) character file.

Game seed: 6307802221103353496

4578 Echelon the Blocker (level 10, 0/74 HPs)
             Began as a Human Fighter on Feb 20, 2024.
             Was an Initiate of Yredelemnul.
             Succumbed to Maurice's poison
             ... on level 9 of the Dungeon.
             The game lasted 00:40:56 (8705 turns).

Echelon the Blocker (Human Fighter)                 Turns: 8705, Time: 00:40:57

Health: 0/74       AC: 19    Str: 20    XL:     10   Next: 41%
Magic:  3/10       EV:  8    Int:  9    God:    Yredelemnul [......]
Gold:   0          SH: 15    Dex: 19    Spells: 9/9 levels left

rFire   . . .        a - +5 war axe (freeze)
rCold   . . .        y - +0 tower shield
rNeg    . . .        P - +0 plate armour
rPois   .            q - +1 helmet
rElec   .            x - +0 cloak
rCorr   .            H - +2 pair of gloves
SInv    .            i - +0 pair of boots
Will    .....        e - amulet of guardian spirit Stlth
                     E - +6 ring of dexterity
HPRegen 0.32/turn    L - +5 ring of evasion
MPRegen 0.12/turn

%: guardian spirit
@: lethally poisoned (0 -> -10), about to teleport, wreathed by umbra
A: explore regen
a: Renounce Religion, Light the Black Torch, Recall Undead Harvest


You were on level 9 of the Dungeon.
You worshipped Yredelemnul.
Yredelemnul was noncommittal.
You visited 2 branches of the dungeon, and saw 10 of its levels.

Inventory:

Hand Weapons
 a - a +5 war axe of freezing (weapon)
 m - a +5 club
 o - the +6 shillelagh "Devastator" {shatter}
   (You found it on level 2 of the Dungeon)
 W - a +2 vampiric war axe
 Y - a +2 scimitar
 Z - a +0 battleaxe
Missiles
 g - 38 poisoned darts (quivered)
 I - 24 stones
Armour
 b - a +0 scale mail
 i - a +0 pair of boots (worn)
 q - a +1 helmet (worn)
 t - a +0 pair of gloves
 v - a +0 chain mail
 x - a +0 cloak (worn)
 y - a +0 tower shield (worn)
 z - a +1 pair of gloves
 H - a +2 pair of gloves (worn)
 P - a +0 plate armour (worn)
 U - +0 steam dragon scales
Jewellery
 e - an amulet of guardian spirit (around neck)
 f - an amulet of magic regeneration
 D - a ring of wizardry
 E - a +6 ring of dexterity (left hand)
 L - a +5 ring of evasion (right hand)
 S - a ring of flight
Wands
 d - a wand of digging (4)
 w - a wand of mindburst (30)
 A - a wand of iceblast (6)
 T - a wand of quicksilver (7)
 X - a wand of flame (15)
Scrolls
 h - a scroll of brand weapon
 C - a scroll of poison
 G - 2 scrolls of blinking
 O - 2 scrolls of noise
 Q - a scroll of enchant weapon {unknown}
 R - a scroll of fear
Potions
 c - a potion of heal wounds {unknown}
 j - 2 potions of attraction
 l - a potion of curing {unknown}
 p - a potion of resistance {unknown}
 r - a potion of mutation {unknown}
 u - 2 potions of enlightenment
 F - a potion of lignification
 K - a potion of haste {unknown}
 M - a potion of might
 N - a potion of ambrosia {unknown}


   Skills:
 + Level 5.3(2.6) Fighting
 + Level 5.0(3.4) Axes
 + Level 7.3(4.0) Maces & Flails
 + Level 7.5(3.7) Armour
 + Level 3.0(1.5) Dodging
 + Level 2.4(1.2) Stealth
 + Level 8.4(4.4) Shields


You had 9 spell levels left.
You didn't know any spells.
Your spell library contained the following spells:

 Spells                   Type           Power      Damage    Failure   Level
 Cigotuvi's Dreadful Rot  Necr/Alch/Air  0%         N/A       100%        2
 Ignite Poison            Fire/Alch      0%         N/A       100%        4
 Freezing Cloud           Conj/Ice/Air   0%         6-21      100%        5


Dungeon Overview and Level Annotations

Branches:
Dungeon (9/15)             Temple (1/1) D:7
   Lair: D:8-11         Orc: D:9-12

Altars:
Ashenzari
Cheibriados
Dithmenos
Elyvilon
Fedhas
Gozag
Hepliaklqana
Kikubaaqudgha
Makhleb
Nemelex Xobeh
Okawaru
Qazlal
Ru
Sif Muna
Uskayaw
Vehumet
Wu Jian
Xom
Yredelemnul
Zin
The Shining One

Shops:
D:1 *

Annotations:
D:7 exclusion: oklob plant
D:9 Maurice


Innate Abilities, Weirdness & Mutations

You regain HP and MP as you explore.


Message History

Something hits you but does no damage.
You are more poisoned.
Something bites you but does no damage.
You hit something. You freeze something.
You feel very sick.
You hear some strange, mumbled words.
You feel sick.
You feel sick.
You feel sick.
You see here a sedimented cyan potion.
You feel sick.
You hear some strange, mumbled words.
You feel sick.
You see here a fuming puce potion.
You feel sick.
You swap places.
You feel sick.
You are no longer poisoned.
You see here a fuming puce potion.
Something hits you.
* * * LOW HITPOINT WARNING * * *
Something steals your +2 quarterstaff of chaos!
You are poisoned.
Something bites you but does no damage.
You see here a sedimented cyan potion.
* * * LOW HITPOINT WARNING * * *
You feel sick.
Your orc warrior zombie misses something.
Something hits you.
* * * LOW HITPOINT WARNING * * *
Something steals your amulet of magic regeneration!
You are more poisoned.
Something bites you but does no damage.
Your wyvern zombie bites something.
As you read the scroll of teleportation, it crumbles to dust.
You feel strangely unstable.
* * * LOW HITPOINT WARNING * * *
You feel very sick.
Your wyvern zombie bites something!
You block something's attack. Something bites you but does no damage.
You die...
Your body rises from the dead as a mindless zombie.

###.............#
#.
................#
###.............#
#.............#
#.............#
#.....).......#
#.............#
#.....Z.......#
#..@.!Z!......#
#.............#
#...............
#...............
#..............#
#..............#
................#
................#


You could see a friendly wyvern zombie and a friendly orc warrior zombie.

Vanquished Creatures
  The ghost of sdfx the Cudgeller, an amateur MDRe (D:5)
  A wyvern (D:7)
  A wraith (D:9)
  3 yaks (D:8)
  A steam dragon (D:8)
  An acid dragon (D:8)
  2 water moccasins
  2 black bears (D:4)
  2 ice beasts
  2 orc warriors
  2 ogres
  A centaur (D:5)
  2 kobold brigands
  3 scorpions
  5 bullfrogs
  A water moccasin zombie (D:7)
  5 wights (D:8)
  A yak zombie (D:8)
  A bombardier beetle (D:5)
  7 hounds
  Crazy Yiuf (D:6)
  3 orc priests
  A sleepcap (D:6)
  Jessica (D:2)
  4 iguanas
  3 orc wizards
  A gnoll (D:9)
  11 adders
  A shadow imp (D:6)
  A white imp (D:8)
  2 dart slugs
  3 ribbon worms
  17 orcs
  6 ball pythons
  3 bats
  9 endoplasms
  7 giant cockroaches
  7 goblins
  10 hobgoblins
  6 jackals
  8 kobolds
  2 quokkas
  4 frilled lizards
  2 kobold zombies (D:8)
  2 orc zombies (D:7)
  A rat (D:2)
160 creatures vanquished.

Vanquished Creatures (collateral kills)
  A wyvern (D:9)
  A steam dragon (D:8)
  An orc warrior (D:9)
  A sky beast (D:8)
  An ogre (D:7)
  A howler monkey (D:8)
  A gnoll (D:9)
  3 kobolds (D:8)
10 creatures vanquished.

Vanquished Creatures (others)
  A bullfrog zombie (D:9)
  An acid dragon zombie (D:8)
  An ogre zombie (D:7)
  4 orc zombies
7 creatures vanquished.

Grand Total: 177 creatures vanquished

Notes
Turn   | Place    | Note
-------+----------+-------------------------------------------
     0 | D:1      | Echelon the Human Fighter began the quest for the Orb.
     0 | D:1      | Reached XP level 1. HP: 18/18 MP: 1/1
   114 | D:1      | Reached XP level 2. HP: 24/24 MP: 2/2
   282 | D:1      | Reached XP level 3. HP: 26/29 MP: 1/3
   545 | D:1      | Found Woysk's General Store.
  1113 | D:2      | Reached XP level 4. HP: 34/35 MP: 4/4
  1332 | D:2      | Noticed Jessica
  1339 | D:2      | Killed Jessica
  1340 | D:2      | Reached skill level 1 in Dodging
  1379 | D:2      | Reached XP level 5. HP: 30/42 MP: 5/5
  1688 | D:2      | Found the +6 shillelagh "Devastator" {shatter}
  2211 | D:3      | Reached XP level 6. HP: 43/48 MP: 4/6
  2561 | D:3      | Found a hazy altar of Hepliaklqana.
  3090 | D:4      | Noticed a black bear
  3102 | D:4      | Killed a black bear
  3103 | D:4      | Reached skill level 1 in Maces & Flails
  3103 | D:4      | Reached skill level 4 in Shields
  3236 | D:4      | Reached skill level 1 in Stealth
  3240 | D:4      | Reached XP level 7. HP: 48/54 MP: 5/7
  3668 | D:4      | You fall into a shaft and drop 2 floors!
  3698 | D:5      | Entered Level 5 of the Dungeon
  3702 | D:5      | Reached skill level 5 in Armour
  3743 | D:5      | Found a broken altar of Ashenzari.
  3761 | D:5      | Became a worshipper of Ashenzari the Shackled
  4522 | D:5      | Found a runed translucent door.
  4522 | D:5      | Noticed sdfx's ghost (amateur MDRe)
  4626 | D:5      | Killed sdfx's ghost
  4627 | D:5      | Reached skill level 5 in Shields
  4627 | D:5      | Reached XP level 8. HP: 43/61 MP: 6/8
  5592 | D:6      | Found a runed translucent door.
  5593 | D:6      | Noticed Crazy Yiuf
  5743 | D:6      | Killed Crazy Yiuf
  6066 | D:6      | Reached skill level 5 in Maces & Flails
  6240 | D:6      | Reached XP level 9. HP: 66/66 MP: 9/9
  6295 | D:6      | Reached skill level 6 in Shields
  6423 | D:7      | Found a staircase to the Ecumenical Temple.
  6436 | Temple   | Entered the Ecumenical Temple
  6545 | Temple   | Fell from the grace of Ashenzari
  6545 | Temple   | Became a worshipper of Yredelemnul the Fallen
  6670 | D:7      | Found a shimmering altar of Xom.
  6671 | D:7      | Found a glowing golden altar of the Shining One.
  6673 | D:7      | Found a sacrificial altar of Ru.
  6984 | D:7      | Found a blossoming altar of Fedhas.
  7012 | D:7      | Noticed an oklob plant
  7572 | D:8      | Reached skill level 7 in Shields
  7582 | D:8      | Reached skill level 5 in Fighting
  7701 | D:8      | Reached XP level 10. HP: 58/74 MP: 8/10
  7905 | D:8      | Reached skill level 8 in Shields
  8423 | D:8      | Found a radiant altar of Vehumet.
  8639 | D:9      | Reached skill level 5 in Axes
  8668 | D:9      | Noticed Maurice
  8685 | D:9      | Something stole 396 gold
  8702 | D:9      | Something stole a +2 quarterstaff of chaos
  8703 | D:9      | Something stole an amulet of magic regeneration
  8704 | D:9      | HP: 2/74 [poisoned by Maurice]
  8705 | D:9      | Succumbed to Maurice's poison

Illustrated notes

Levels and vault maps discovered:
D:1:      dpeg_arrival_rhombus, layout_basic, serial_shops, shop
D:2:      layout_basic, serial_bayou_lake_a, uniq_jessica
D:3:      layout_rooms, lemuel_coloured_pillars_altar
D:4:      layout_layer_cave, minmay_between
D:5:      layout_basic, mainiacjoe_overflow_chevrons,
          hellmonk_ghost_happy_afterlife
D:6:      minmay_evil_eye, layout_loops_ring, bh_walls_and_bars,
          uniq_crazy_yiuf_cottage
D:7:      layout_cave_pools, minitemple, tgw_fedhas,
          minmay_temple_entry_water_ring
D:8:      layout_loops_ring, marbit_many_paths, serial_aquarium,
          aquarium_bridge_square [aquarium_subvault_window,
          aquarium_subvault_wall, aquarium_subvault_bridge,
          aquarium_subvault_bridge], aquarium_bridge_straight
          [aquarium_subvault_bridge, aquarium_subvault_wall,
          aquarium_subvault_bridge, aquarium_subvault_wall],
          aquarium_window_corner, aquarium_window_fake, aquarium_view_2d,
          aquarium_view_2f
D:9:      layout_long_grid, uniq_maurice
Temple:   nicolae_temple_ecumenical_triangle

Skill      XL: |  1  2  3  4  5  6  7  8  9 10 |
---------------+-------------------------------+-----
Dodging        | 1 2 3 |  3.0
Axes           | 3 4 5 |  5.0
Armour         | 4 5 6 7 |  7.5
Fighting       | 4 5 |  5.3
Maces & Flails | 1 3 5 7 |  7.3
Shields        | 4 5 7 8 |  8.4
Stealth        | 1 2 |  2.4

Action                     |  1- 3 |  4- 6 |  7- 9 | 10-12 || total
---------------------------+-------+-------+-------+-------++-------
  Melee: War axe           |    84 |    74 |       |    65 ||   223
         Shillelagh        |       |    47 |   214 |    19 ||   280
    Use: Scroll            |     4 |     2 |     4 |     2 ||    12
         Potion            |     2 |     1 |     2 |       ||     5
   Stab: Distracted        |       |       |       |     2 ||     2
 Armour: Scale mail        |    51 |    65 |       |       ||   116
         Chain mail        |       |    46 |    50 |       ||    96
         Plate armour      |       |       |    41 |    92 ||   133
  Dodge: Dodged            |    43 |    50 |    45 |    30 ||   168
  Block: Buckler           |    25 |    29 |       |       ||    54
         Tower shield      |       |    29 |   149 |    84 ||   262

Table legend: (Time is in decaauts)
 A = Elapsed time spent in this place.
 B = Non-inter-level travel time spent in this place.
 C = Inter-level travel time spent in this place.
 D = Time resting spent in this place.
 E = Time spent auto-exploring this place.
 F = Levels seen in this place.
 G = Mean time per level.
                   A        B        C        D        E       F      G
               +--------+--------+--------+--------+--------+-----+--------+
         Total |   9004 |   8390 |    614 |      0 |    350 |  10 |  900.4 |
       Dungeon |   8881 |   8267 |    614 |      0 |    350 |   9 |  986.8 |
        Temple |    122 |    122 |      0 |      0 |      0 |   1 |  122.0 |
               +--------+--------+--------+--------+--------+-----+--------+

Top non-repeatable levels by time:
     D:5: 1305 daAuts
     D:2: 1247 daAuts
     D:4: 1161 daAuts
     D:8: 1152 daAuts
     D:1: 1049 daAuts
     D:7: 1048 daAuts
     D:6: 909 daAuts
     D:3: 856 daAuts
     D:9: 149 daAuts
  Temple: 122 daAuts
